 Dungeon Crawl Stone Soup version 0.32-a0-871-ge202e49faa (webtiles) character file.

Game seed: 16200562844873295438

27916 KennySheep the Marksspriggan (level 13, -3/59 HPs)
             Began as a Spriggan Delver on Mar 30, 2024.
             Was a High Priest of Elyvilon.
             Slain by a fire bat (9 damage)
             ... in a volcano.
             The game lasted 00:38:31 (12579 turns).

KennySheep the Marksspriggan (Spriggan Delver)     Turns: 12579, Time: 00:38:32

Health: -3/59      AC:  5    Str:  8    XL:     13   Next: 6%
Magic:  20/22      EV: 28    Int: 11    God:    Elyvilon [*****.]
Gold:   1875       SH:  0    Dex: 27    Spells: 12/12 levels left

rFire   . . .        a - +4 arbalest (flame)
rCold   . . .        (shield currently unavailable)
rNeg    . . .        N - +1 robe {Will+}
rPois   +            (helmet restricted)
rElec   .            m - +1 cloak of the Dull God {Dex+5 Slay+2}
rCorr   .            (gloves unavailable)
SInv    +            (boots unavailable)
Will    +++..        I - amulet of magic regeneration
Stlth   ++++         v - ring of poison resistance
HPRegen 0.29/turn    h - +4 ring of slaying
MPRegen 0.58/turn

%: no passive effects
@: very quick
A: very small, no large weapons, unfitting armour, see invisible, speed 3
a: Renounce Religion, Purification, Heal Other, Heal Self, Divine Vigour


You were in a volcano.
You worshipped Elyvilon.
Elyvilon was extremely pleased with you.
You visited 3 branches of the dungeon, and saw 14 of its levels.
You also visited: Sewer, Ossuary and Volcano.

You collected 2038 gold pieces.
You spent 105 gold pieces at shops.
You donated 58 gold pieces to Zin.

Inventory:

Hand Weapons
 a - a +4 arbalest of flaming (weapon)
 b - a +0 short sword
Armour
 m - the +1 cloak of the Dull God (worn) {Dex+5 Slay+2}
   (You acquired it on level 4 of the Dungeon)

   Dex+5:     It affects your dexterity (+5).
   Slay+2:    It affects your accuracy & damage with ranged weapons and melee
   (+2).
 B - a +0 troll leather armour
 N - a +1 robe of willpower (worn)
Jewellery
 h - a +4 ring of slaying (right hand)
 v - a ring of poison resistance (left hand)
 y - the ring of Qopiyliu {rPois rC- rCorr Int+3 Dex+3}
   (You took it off a kobold brigand on level 9 of the Dungeon)

   [ring of resist corrosion]

   Int+3:     It affects your intelligence (+3).
   Dex+3:     It affects your dexterity (+3).
   rC-:       It makes you vulnerable to cold.
   rPois:     It protects you from poison.
   rCorr:     It protects you from acid and corrosion.
 E - a ring of resist corrosion
 I - an amulet of magic regeneration (around neck)
 L - a +6 ring of intelligence
Wands
 g - a wand of digging (4)
 i - a wand of light (11)
 j - a wand of iceblast (8)
 x - a wand of polymorph (12)
 H - a wand of flame (4)
Scrolls
 c - 4 scrolls of fog
 d - a scroll of brand weapon
 e - 3 scrolls of fear
 k - a scroll of blinking
 l - 2 scrolls of immolation
 n - 3 scrolls of enchant armour
 q - a scroll of silence
 r - 5 scrolls of teleportation
 s - a scroll of revelation
 u - a scroll of poison
 J - a scroll of butterflies
 K - a scroll of amnesia
Potions
 f - 3 potions of enlightenment
 o - a potion of curing
 p - a potion of might
 t - a potion of resistance
 w - a potion of invisibility
 z - 3 potions of heal wounds
 A - 2 potions of magic
 C - a potion of mutation
 D - a potion of lignification
 F - a potion of cancellation
 G - 2 potions of brilliance
 M - a potion of haste
Miscellaneous
 O - a phantom mirror


   Skills:
 - Level 2.8 Fighting
 - Level 2.9 Short Blades
 * Level 17.2 Ranged Weapons
 + Level 10.2 Dodging
 - Level 7.8 Stealth
 + Level 11.4 Invocations


You had 12 spell levels left.
You didn't know any spells.
Your spell library contained the following spells:

 Spells                   Type           Power      Damage    Failure   Level
 Kiss of Death            Conj/Necr      0%         2d5       34%         1
 Magic Dart               Conj           0%         1d3       34%         1
 Sting                    Conj/Alch      0%         1d3       34%         1
 Blink                    Tloc           0%         N/A       47%         2
 Call Imp                 Summ           0%         N/A       47%         2
 Ensorcelled Hibernation  Hex/Ice        0%         N/A       47%         2
 Jinxbite                 Hex            0%         N/A       47%         2
 Mercury Vapours          Alch/Air       0%         N/A       47%         2
 Confusing Touch          Hex            0%         N/A       71%         3
 Fugue of the Fallen      Necr           0%         N/A       71%         3
 Anguish                  Hex/Necr       0%         N/A       98%         4
 Brom's Barrelling Bould  Conj/Erth      0%         2d3       98%         4
 Cause Fear               Hex            0%         N/A       98%         4
 Dispel Undead            Necr           0%         3d6       98%         4
 Olgreb's Toxic Radiance  Alch           0%         N/A       98%         4
 Fireball                 Conj/Fire      0%         3d3       100%        5
 Iskenderun's Battlesphe  Conj           0%         2d6       100%        5
 Yara's Violent Unravell  Hex/Alch       0%         3d3       100%        5
 Conjure Ball Lightning   Conj/Air       0%         3x3d6     100%        6
 Enfeeble                 Hex            0%         N/A       100%        7
 Orb of Destruction       Conj           0%         9d5       100%        7
 Dragon's Call            Summ           0%         N/A       100%        9


Dungeon Overview and Level Annotations

Branches:
Dungeon (13/15)            Temple (1/1) D:7            Lair (0/5) D:11
    Orc (2/2) D:11            Elf (0/3) Orc:2         Sewer (visited)
Ossuary (visited)         Volcano (1/1)
 Vaults: D:13-14

Altars:
Ashenzari
Cheibriados
Dithmenos
Elyvilon
Fedhas
Gozag
Hepliaklqana
Kikubaaqudgha
Makhleb
Nemelex Xobeh
Okawaru
Qazlal
Ru
Sif Muna
Trog
Uskayaw
Vehumet
Wu Jian
Xom
Yredelemnul
Zin
The Shining One

Shops:
D:4 *   Orc:1 *   Orc:2 *

Annotations:
D:3 1 runed translucent door, Frost42's ghost, amateur MDFi


Innate Abilities, Weirdness & Mutations

You are very small and have problems with some larger weapons.
You are too small for most types of armour.
You have supernaturally acute eyesight. (SInv)
You cover ground extremely quickly. (Speed+++)


Message History

You kill the kobold blastminer!
Found 18 gold pieces.
You now have 1843 gold pieces (gained 24).
You see here a +0 arbalest.
Found a dark tunnel.
You now have 1861 gold pieces (gained 18).
You now have 1875 gold pieces (gained 14).
Okay, then.
Okay, then.
There is a dark tunnel here.
The world spins around you as you enter the gateway.
You enter a volcano!
Found a rocky tunnel leading out of this place.
There is a rock-blocked tunnel here.
No target in view!
Unknown command.
A steam dragon and a hell hog come into view.
Found six items.
Found a rocky tunnel leading out of this place.
You shoot a bolt. The bolt hits the hell hog!
The hell hog squeals angrily.
The hell hog is moderately wounded.
A fire bat comes into view. x2
The hell hog breathes fire at you.
The fireball explodes!
The fireball engulfs you!!
You shoot a bolt. The bolt hits the hell hog!!
The hell hog is severely wounded.
The fire bat completely misses you.
You are healed.
The fire bat misses you. The hell hog breathes fire at you.
The fireball explodes!
The fireball engulfs the fire bat.
The fire bat completely resists.
The fireball engulfs the fire bat.
The fire bat completely resists.
The fireball engulfs the hell hog.
The hell hog completely resists.
The fireball engulfs you!!!
Ouch! That really hurt!
* * * LOW HITPOINT WARNING * * *
The fire bat bites you.
* * * LOW HITPOINT WARNING * * *
You are engulfed in flames!
You die...

#☼☼### ##≈§≈≈##
##§≈≈≈≈§## #≈≈≈..≈≈≈#
##.....# #..∩...#
#...∩#.## #####
######.## #hb@###
##..#.###.
.$$$Db##..###.....§...§
[!..∩ ###.......≈§≈≈§§
§[). ###....§≈§≈§§§ ≈≈.
#....§≈§≈§≈≈≈§ §≈
##....§§§≈§§≈≈≈ §
..§..§§§§≈§≈≈≈
##....≈§§§§§§≈
#.#....§≈§§≈


You could see a hell hog, a steam dragon and 2 fire bats.

Vanquished Creatures
  2 orc warlords (Orc:1)
  An ogre mage (Orc:1)
  A two-headed ogre (Orc:1)
  A centaur warrior (D:9)
  A boulder beetle (D:11)
  An occultist (D:9)
  An orc high priest (Orc:1)
  Sonja (Orc:1)
  Nergalle (D:12)
  5 orc knights (Orc:1)
  A deep elf pyromancer (D:12)
  2 ugly things
  2 cyclopes
  6 orc sorcerers
  A manticore (D:12)
  A kobold blastminer (Orc:2)
  A cane toad (D:11)
  An unseen horror (D:11)
  A kobold demonologist (D:10)
  8 trolls
  3 hornets
  2 shadows
  A vampire (D:12)
  Eustachio (D:4)
  12 yaks
  3 steam dragons
  7 vampire mosquitoes
  4 wargs (Orc:1)
  A water moccasin (D:9)
  2 acid dragons
  18 orc warriors
  An ice beast (D:6)
  A sky beast (D:8)
  3 black bears
  9 ogres (Orc:1)
  6 centaurs
  2 kobold brigands
  6 bullfrogs
  A gnoll sergeant (D:10)
  2 scorpions
  A brain worm (Sewer)
  A burial acolyte (Ossuary)
  7 wights
  16 killer bees
  3 howler monkeys
  2 gnoll boudas
  A jelly (D:6)
  9 orc priests
  4 hounds
  A sleepcap (D:8)
  Terence (D:3)
  4 iguanas
  23 orc wizards
  2 hell rats (D:11)
  14 gnolls
  13 adders
  3 river rats
  A shadow imp (D:6)
  2 white imps (D:7)
  A dart slug (Sewer)
  5 ribbon worms
  57 orcs
  6 ball pythons
  6 endoplasms
  2 giant cockroaches
  2 hobgoblins
  A jackal (Sewer)
  2 quokkas
  6 bats
  A frilled lizard (Sewer)
  4 kobolds
  A quokka zombie (D:6)
  4 rats (D:3)
330 creatures vanquished.

Notes
Turn   | Place    | Note
-------+----------+-------------------------------------------
     0 | D:5      | KennySheep the Spriggan Delver began the quest for the Orb.
     0 | D:5      | Reached XP level 1. HP: 11/11 MP: 2/2
    23 | D:6      | Noticed an iguana
    41 | D:6      | Found a sand-covered staircase.
    48 | Ossuary  | Entered an ossuary
    48 | Ossuary  | Found a huge runed translucent gate.
    48 | Ossuary  | Found a huge runed translucent gate.
    48 | Ossuary  | Found a huge runed translucent gate.
    48 | Ossuary  | Found a huge runed translucent gate.
    48 | Ossuary  | Found a huge runed translucent gate.
    48 | Ossuary  | Found a huge runed translucent gate.
    48 | Ossuary  | Found a huge runed translucent gate.
    48 | Ossuary  | Found a huge runed translucent gate.
    49 | Ossuary  | Found a huge runed translucent gate.
    49 | Ossuary  | Found a huge runed translucent gate.
    50 | Ossuary  | Found a huge runed translucent gate.
    50 | Ossuary  | Found a huge runed translucent gate.
    50 | Ossuary  | Found a huge runed translucent gate.
    52 | Ossuary  | Found a huge runed translucent gate.
    52 | Ossuary  | Found a huge runed translucent gate.
    52 | Ossuary  | Noticed a weeping skull
    65 | Ossuary  | Found a huge runed translucent gate.
    65 | Ossuary  | Found a huge runed translucent gate.
    65 | Ossuary  | Found a huge runed translucent gate.
    65 | Ossuary  | Found a huge runed translucent gate.
    66 | Ossuary  | Found a huge runed translucent gate.
    68 | Ossuary  | Found a huge runed translucent gate.
    69 | Ossuary  | Found a huge runed translucent gate.
    69 | Ossuary  | Found a huge runed translucent gate.
    69 | Ossuary  | Found a huge runed translucent gate.
    69 | Ossuary  | Found a huge runed translucent gate.
    69 | Ossuary  | Found a huge runed translucent gate.
    70 | Ossuary  | Found a huge runed translucent gate.
    70 | Ossuary  | Found a huge runed translucent gate.
    72 | Ossuary  | Found a huge runed translucent gate.
    72 | Ossuary  | Found a huge runed translucent gate.
    74 | Ossuary  | Found a huge runed translucent gate.
    74 | Ossuary  | Found a huge runed translucent gate.
    74 | Ossuary  | Found a huge runed translucent gate.
    74 | Ossuary  | Found a huge runed translucent gate.
    74 | Ossuary  | Found a huge runed translucent gate.
    78 | Ossuary  | Noticed a burial acolyte
    87 | Ossuary  | Killed a burial acolyte
    88 | Ossuary  | Reached XP level 2. HP: 16/16 MP: 3/3
    88 | Ossuary  | Reached XP level 3. HP: 19/19 MP: 4/4
   385 | D:4      | Found Ruomase's General Store.
   388 | D:4      | Noticed Eustachio
   413 | D:3      | Found a runed translucent door.
   442 | D:3      | Noticed Frost42's ghost (amateur MDFi)
   457 | D:3      | Reached skill level 1 in Ranged Weapons
   510 | D:3      | Noticed Terence
   539 | D:3      | Killed Terence
   540 | D:3      | Reached XP level 4. HP: 23/23 MP: 5/5
   552 | D:3      | Reached skill level 2 in Ranged Weapons
   561 | D:3      | Found a shimmering altar of Xom.
   591 | D:3      | Reached skill level 3 in Ranged Weapons
   591 | D:3      | Reached XP level 5. HP: 28/28 MP: 6/6
   728 | D:3      | Found a glowing drain.
   736 | Sewer    | Entered a sewer
   899 | Sewer    | Reached skill level 4 in Ranged Weapons
  1007 | Sewer    | Reached XP level 6. HP: 26/32 MP: 7/7
  1501 | D:3      | Found a glowing silver altar of Zin.
  1501 | D:3      | Found a basalt altar of Yredelemnul.
  1511 | D:3      | Became a worshipper of Zin the Law-Giver
  1511 | D:3      | Reached * piety under Zin
  1873 | D:4      | Killed Eustachio
  1874 | D:4      | Reached skill level 5 in Ranged Weapons
  1878 | D:4      | Bought a scroll of enchant armour for 75 gold pieces
  1878 | D:4      | Bought a potion of curing for 30 gold pieces
  1878 | D:4      | Identified a scroll of acquirement
  1879 | D:4      | Acquired the +1 cloak of the Dull God {Dex+5 Slay+2}
  1955 | D:4      | Reached skill level 6 in Ranged Weapons
  2030 | D:4      | Reached XP level 7. HP: 35/35 MP: 8/8
  2064 | D:4      | Reached ** piety under Zin
  2364 | D:5      | Reached skill level 7 in Ranged Weapons
  2369 | D:5      | Reached skill level 1 in Invocations
  2919 | D:6      | Reached XP level 8. HP: 39/39 MP: 10/10
  3008 | D:6      | Reached *** piety under Zin
  3055 | D:6      | Reached skill level 8 in Ranged Weapons
  3591 | D:7      | Found a staircase to the Ecumenical Temple.
  3712 | Temple   | Entered the Ecumenical Temple
  3730 | Temple   | Fell from the grace of Zin
  3730 | Temple   | Became a worshipper of Elyvilon the Healer
  3730 | Temple   | Reached * piety under Elyvilon
  3763 | D:7      | Reached ** piety under Elyvilon
  4235 | D:8      | Noticed a hornet
  4285 | D:6      | Reached skill level 9 in Ranged Weapons
  5120 | D:8      | Reached *** piety under Elyvilon
  5205 | D:8      | Reached XP level 9. HP: 43/43 MP: 13/13
  5226 | D:8      | Reached skill level 10 in Ranged Weapons
  5228 | D:8      | Reached skill level 5 in Invocations
  5450 | D:8      | Found a sacrificial altar of Ru.
  5462 | D:8      | Paralysed by a hornet for 3 turns
  5469 | D:8      | Reached skill level 11 in Ranged Weapons
  6262 | D:9      | Reached skill level 12 in Ranged Weapons
  6262 | D:9      | Reached XP level 10. HP: 42/48 MP: 16/16
  6458 | D:9      | Noticed a white ugly thing
  6487 | D:9      | Killed a white ugly thing
  6592 | D:9      | Reached **** piety under Elyvilon
  6602 | D:9      | Noticed a centaur warrior
  6605 | D:9      | Noticed an occultist
  6639 | D:9      | Killed a centaur warrior
  6640 | D:9      | Reached skill level 13 in Ranged Weapons
  6699 | D:9      | Identified the ring of Qopiyliu {rPois rC- rCorr Int+3
                  | Dex+3}
  6732 | D:9      | Noticed a cyclops
  6744 | D:9      | Killed an occultist
  6768 | D:9      | Killed a cyclops
  6779 | D:9      | Reached XP level 11. HP: 48/51 MP: 18/18
  6862 | D:9      | Reached skill level 14 in Ranged Weapons
  7367 | D:10     | Entered Level 10 of the Dungeon
  7532 | D:10     | Found a bloodstained altar of Trog.
  7533 | D:10     | Found an iron altar of Okawaru.
  7621 | D:10     | Found a sparkling altar of Nemelex Xobeh.
  7842 | D:10     | Found a hide-covered altar of Uskayaw.
  7948 | D:10     | Reached ***** piety under Elyvilon
  8857 | D:11     | Found a staircase to the Lair.
  9083 | D:11     | Noticed a boulder beetle
  9108 | D:11     | Killed a boulder beetle
  9109 | D:11     | Reached skill level 5 in Dodging
  9601 | D:11     | Reached skill level 15 in Ranged Weapons
  9662 | D:11     | Found a staircase to the Orcish Mines.
  9832 | D:11     | Identified the +5 chain mail of Discretion {Dex+3}
 10086 | D:12     | Noticed a purple ugly thing
 10089 | D:12     | Killed a purple ugly thing
 10111 | D:12     | Noticed a deep elf pyromancer
 10115 | D:12     | Killed a deep elf pyromancer
 10503 | D:12     | Noticed Nergalle
 10506 | D:12     | Killed Nergalle
 10507 | D:12     | Reached skill level 10 in Invocations
 10507 | D:12     | Reached XP level 12. HP: 56/56 MP: 20/20
 10759 | D:13     | Noticed a yaktaur captain
 10883 | Orc:1    | Entered Level 1 of the Orcish Mines
 11003 | Orc:1    | Noticed an orc high priest
 11218 | Orc:1    | Noticed Sonja
 11238 | Orc:1    | Killed Sonja
 11239 | Orc:1    | Reached skill level 16 in Ranged Weapons
 11300 | Orc:1    | Killed an orc high priest
 11337 | Orc:1    | Found Omuxec's General Store.
 11573 | Orc:1    | Noticed an orc warlord
 11580 | Orc:1    | Noticed an orc warlord
 11594 | Orc:1    | Killed an orc warlord
 11842 | Orc:1    | Killed an orc warlord
 11945 | Orc:1    | Noticed an ogre mage
 11950 | Orc:1    | Killed an ogre mage
 11967 | Orc:1    | Identified the +9 shortbow "Jelly's Nightmare" {freeze,
                  | rN+}
 11984 | Orc:1    | Elyvilon protects you from harm!
 12292 | Orc:1    | Reached skill level 17 in Ranged Weapons
 12390 | Orc:1    | Noticed a two-headed ogre
 12394 | Orc:1    | Killed a two-headed ogre
 12395 | Orc:1    | Reached skill level 10 in Dodging
 12418 | Orc:2    | Entered Level 2 of the Orcish Mines
 12419 | Orc:2    | Found Oppoofoe's General Store.
 12430 | Orc:2    | Reached XP level 13. HP: 36/59 MP: 22/22
 12544 | Orc:2    | Found a dark tunnel.
 12562 | Volcano  | Entered a volcano
 12579 | Volcano  | Slain by a fire bat

Illustrated notes

Levels and vault maps discovered:
D:3:      layout_loops_cross, xom_butterflies, grunt_temple_overflow_open,
          ebering_ghost_reflecting_pool, lightli_sewer_entry_pipes, uniq_terence
D:4:      layout_rooms, serial_shops, shop, uniq_eustachio
D:5:      layout_loops_ring, grunt_ministairs_12
D:6:      layout_layer_cave, enter_ossuary_4
D:7:      layout_layer_cave, minmay_temple_entry_statues_fountains
D:8:      layout_gridville, minmay_strange_pillars, minmay_crystal_water,
          nrook_campfire, minmay_ruined_shrine
D:9:      layout_roguey, nicolae_doodle_vault
D:10:     layout_layer_cave, gammafunk_temple_overflow_statue,
          mainiacjoe_overflow_catch_the_wave
D:11:     layout_long_grid, dpeg_lair_monsters, hiddenorc1_lemuel,
          serial_co_window_serial, co_window_cross_1, co_window_paths_b,
          co_window_of_opportunity_a, co_window_paths_b, co_window_cross_1,
          co_window_broadway_b, co_window_2corner, co_window_broadway_a,
          co_window_corner_cb, co_window_broadway_c, co_window_corner_b,
          glass_columns_c, glass_columns_a, glass_columns_b, st_stairs_6
D:12:     layout_cave_pods, uniq_nergalle
D:13:     hangedman_surveillance_ring, layout_long_grid,
          gammafunk_ghost_cemetery, mikee_hates_you
Temple:   bh_familiar_temple
Orc:1:    layout_caves, serial_shops,
          nicolae_shop_temple_entry_statues_fountains, minmay_orc_treasury,
          uniq_sonja
Orc:2:    grunt_orc_cross, layout_caves, enter_volcano_2, uniq_maurice
Volcano:  volcano_pools

Skill      XL: |  1  2  3  4  5  6  7  8  9 10 11 12 |
---------------+-------------------------------------+-----
Dodging        | 3 7 10 | 10.2
Ranged Weapons | 1 3 4 6 7 9 12 13 15 17 | 17.2
Invocations    | 2 4 7 8 10 11 | 11.4
Fighting       | |  2.8
Short Blades   | |  2.9
Stealth        | |  7.8

Action                     |  1- 3 |  4- 6 |  7- 9 | 10-12 | 13-15 || total
---------------------------+-------+-------+-------+-------+-------++-------
  Melee: Short sword       |    28 |       |       |       |       ||    28
   Fire: Arbalest          |     7 |    97 |   171 |   483 |    14 ||   772
 Invoke: Heal Self         |       |       |     1 |     7 |     3 ||    11
    Use: Potion            |     3 |       |     2 |     2 |       ||     7
         Scroll            |     2 |     8 |     8 |     9 |       ||    27
   Stab: Sleeping          |     2 |       |       |       |       ||     2
 Armour: Robe              |    16 |    16 |    45 |    26 |     7 ||   110
         Troll leather arm |       |       |       |    58 |       ||    58
  Dodge: Dodged            |    44 |    38 |    87 |   153 |    15 ||   337

Table legend: (Time is in decaauts)
 A = Elapsed time spent in this place.
 B = Non-inter-level travel time spent in this place.
 C = Inter-level travel time spent in this place.
 D = Time resting spent in this place.
 E = Time spent auto-exploring this place.
 F = Levels seen in this place.
 G = Mean time per level.
                   A        B        C        D        E       F      G
               +--------+--------+--------+--------+--------+-----+--------+
         Total |   9123 |   8745 |    378 |   1011 |   5676 |  17 |  536.6 |
       Dungeon |   7284 |   6960 |    324 |    725 |   4829 |  11 |  662.2 |
        Temple |     23 |      3 |     20 |      0 |      0 |   1 |   23.0 |
  Orcish Mines |   1165 |   1132 |     33 |    221 |    430 |   2 |  582.5 |
         Sewer |    579 |    579 |      0 |     65 |    416 |   1 |  579.0 |
       Ossuary |     60 |     60 |      0 |      0 |      0 |   1 |   60.0 |
       Volcano |     11 |     11 |      0 |      0 |      0 |   1 |   11.0 |
               +--------+--------+--------+--------+--------+-----+--------+

Top non-repeatable levels by time:
    D:11: 1135 daAuts
   Orc:1: 1125 daAuts
     D:9: 889 daAuts
     D:6: 861 daAuts
     D:8: 846 daAuts
    D:10: 758 daAuts
     D:3: 676 daAuts
     D:7: 671 daAuts
    D:12: 604 daAuts
   Sewer: 579 daAuts
     D:5: 478 daAuts
     D:4: 361 daAuts
 Ossuary: 60 daAuts
   Orc:2: 40 daAuts
  Temple: 23 daAuts
